AoeStats
← ツZuck3r

Black Forest

510092610Analyzed
2v2 RM · 1d ago on Sep 29, 2026· 43m 26s· 4 players
Game mode
Random Map
Map size
Medium (4 player)
Population
200
Speed
Normal
Resources
Standard
Victory
Conquest
Starting age
Dark Age
Ending age
Imperial Age
RankedLock teamsTeams togetherTeam positionsShared explorationLock speedFull tech treeHidden civsTurbo modeCheats
Victory
Defeat
🇫🇷 Bohemians · France
726
+9
🇨🇱 Turks · Chile
488
+19
🇩🇪 Chinese · Germany
606
-16
🇬🇧 Franks · United Kingdom
506
-12
ツZuck3r
0:36 Loom
11:31 Feudal Age
11:56 Horse Collar
12:04 Double-Bit Axe
12:56 Wheelbarrow
14:40 Gold Mining
21:48 Castle Age
21:54 Stone Mining
22:57 Hand Cart
22:56 Bow Saw
22:48 Heavy Plow
23:25 Gold Shaft Mining
23:28 Stone Shaft Mining
22:58 Caravan
35:42 Squires
37:27 Forging
37:18 Scale Mail Armor
37:23 Scale Barding Armor
40:58 Imperial Age
42:08 Conscription
41:10 Heavy Scorpion
41:12 Elite Fire Lancer
41:15 Cavalier
Joshua
0:37 Loom
13:28 Feudal Age
14:49 Wheelbarrow
14:00 Town Watch
14:20 Double-Bit Axe
18:43 Gold Mining
19:00 Stone Mining
19:22 Forging
19:03 Fletching
19:19 Scale Barding Armor
24:52 Castle Age
25:56 Hand Cart
27:33 Pikeman
28:14 Squires
28:56 Ordonnance Companies
30:25 Husbandry
31:08 Iron Casting
31:33 Gold Shaft Mining
37:41 Imperial Age
36:06 Chain Barding Armor
36:21 Fortified Wall
36:23 Masonry
35:55 Treadmill Crane
38:55 Conscription
39:50 Cavalier
40:53 Man-at-Arms
41:18 Gambesons
AVECHRISTUSREX
11:28 Feudal Age
13:31 Double-Bit Axe
17:55 Castle Age
17:37 Horse Collar
19:27 Bow Saw
21:36 Heavy Plow
24:23 Wheelbarrow
25:36 Town Watch
30:33 Imperial Age
29:24 Hand Cart
30:20 Chemistry
31:25 Houfnice
31:34 Pikeman
32:14 Squires
33:00 Squires
33:30 Conscription
34:14 Town Patrol
35:27 Two-Man Saw
33:54 Halberdier
35:18 Wagenburg Tactics
35:49 Scale Mail Armor
35:59 Forging
37:11 Ballistics
36:41 Elite Hussite Wagon
38:49 Iron Casting
38:30 Chain Mail Armor
39:21 Siege Engineers
43:39 Blast Furnace
43:09 Plate Mail Armor
JJCC
14:41 Feudal Age
18:11 Horse Collar
19:04 Man-at-Arms
23:31 Castle Age
23:02 Double-Bit Axe
22:55 Man-at-Arms
24:28 Gold Mining
24:30 Stone Mining
30:38 Imperial Age
29:27 Bow Saw
29:48 Heavy Plow
31:07 Wheelbarrow
31:33 Gold Shaft Mining
33:05 Scale Barding Armor
33:10 Forging
33:02 Scale Mail Armor
33:41 Long Swordsman
37:03 Two-Man Saw
36:24 Two-Handed Swordsman
Connection lost

Rejoining the realm…

Still unreachable

The connection could not be restored.

Session expired

The server has moved on; the page needs a fresh start.